 Dungeon Crawl Stone Soup version 0.31-a0-278-g485e682e34 (webtiles) character file.

Game seed: 15192096494389292314

265866 Morbidden the Thaumaturge (level 19, -31/140 HPs)
             Began as a Demonspawn Conjurer on July 16, 2023.
             Was the Champion of Cheibriados.
             Annihilated by a crystal guardian (39 damage)
             ... led by a peacekeeper
             ... on level 2 of the Vaults.
             The game lasted 01:24:40 (48411 turns).

Morbidden the Thaumaturge (Demonspawn Conjurer)    Turns: 48411, Time: 01:24:41

Health: -31/140    AC: 23    Str: 31    XL:     19   Next: 69%
Magic:  0/54       EV: 16    Int: 55    God:    Cheibriados [******]
Gold:   2491       SH: 11    Dex: 27    Spells: 19/45 levels left

rFire   + + .        a - +3 scimitar of Satyriasis {freeze, MP+9 Str+3 Stlth+}
rCold   . . .        I - +3 warlock's mirror {omnireflect}
rNeg    + . .        U - +2 plate armour of Hul Nuoj {rN+ MP+9 Slay+2}
rPois   +            m - +2 helmet
rElec   .            (cloak unavailable)
rCorr   .            E - +0 pair of gloves
SInv    .            O - +2 pair of boots
Will    +....        o - amulet of magic regeneration Stlth
                     q - ring "Bucvok" {Wiz rF++ Str+4}
HPRegen 0.43/turn    t - ring of Pileepuu {Fly rPois Int+8}
MPRegen 1.08/turn

%: reflection, guardian spirit, wizardry (x2)
@: flying, very slow
A: spiny 2, augmentation 2, magic shield, magic regeneration, big brain 3,
weakness stinger 3
}: 1/15 runes: barnacled
a: Renounce Religion, Bend Time, Temporal Distortion, Slouch, Step From Time


You were on level 2 of the Vaults.
You worshipped Cheibriados.
Cheibriados was exalted by your worship.
You visited 8 branches of the dungeon, and saw 35 of its levels.
You visited the Abyss 2 times.
You also visited: Sewer and Bailey.

You collected 5267 gold pieces.
You spent 2776 gold pieces at shops.

Inventory:

Hand Weapons
 a - the +3 scimitar of Satyriasis (weapon) {freeze, MP+9 Str+3 Stlth+}
   (You bought it in a shop on level 2 of the Orcish Mines)

   Str:       It affects your strength (+3).
   MP:        It affects your magic capacity (+9).
   Stlth:     It makes you more stealthy.
 b - a +1 quick blade of draining
 M - a +4 scimitar of flaming
Missiles
 c - 6 throwing nets
 w - 93 poisoned darts
Armour
 m - a +2 helmet (worn)
 C - +6 gold dragon scales
 E - a +0 pair of gloves (worn)
 H - a +2 leather armour of cold resistance
 I - the +3 warlock's mirror (worn) {omnireflect}
   (You bought it in a shop on level 2 of the Dungeon)

   Omnireflect: It can block and reflect piercing ranged attacks and magical
   attacks against the wielder's willpower.
 O - a +2 pair of boots (worn)
 U - the +2 plate armour of Hul Nuoj (worn) {rN+ MP+9 Slay+2}
   (You bought it in a shop on level 2 of the Dungeon)

   Slay:      It affects your accuracy & damage with ranged weapons and melee
   (+2).
   rN:        It protects you from negative energy.
   MP:        It affects your magic capacity (+9).
Jewellery
 h - a ring of resist corrosion
 o - an amulet of magic regeneration (around neck)
 q - the ring "Bucvok" (left hand) {Wiz rF++ Str+4}
   (You found it on level 3 of the Shoals)

   [ring of wizardry]

   It improves your spell success rate.
   Str:       It affects your strength (+4).
   rF:        It greatly protects you from fire.
 t - the ring of Pileepuu (right hand) {Fly rPois Int+8}
   (You found it on level 14 of the Dungeon)

   [ring of flight]

   Int:       It affects your intelligence (+8).
   rPois:     It protects you from poison.
   Fly:       It grants you flight.
 D - a ring of flight
 L - a ring of protection from cold
 V - a ring of protection from fire
 W - a ring of willpower
Talismans
 S - a talisman of death
Wands
 e - a wand of quicksilver (15)
 j - a wand of roots (17) (quivered)
 r - a wand of paralysis (29)
 B - a wand of flame (107)
 G - a wand of mindburst (26)
 Q - a wand of digging (40)
Scrolls
 f - a scroll of enchant armour
 g - 3 scrolls of fear
 l - a scroll of amnesia
 n - 9 scrolls of teleportation
 p - 4 scrolls of fog
 F - 5 scrolls of revelation
 K - 5 scrolls of enchant weapon
 N - 3 scrolls of poison
 P - a scroll of summoning
 R - 8 scrolls of identify
 T - 5 scrolls of noise
 Y - 2 scrolls of immolation
 Z - 7 scrolls of blinking
Potions
 d - 8 potions of brilliance
 i - 22 potions of curing
 k - 8 potions of lignification
 s - a potion of berserk rage
 u - 2 potions of resistance
 v - 2 potions of cancellation
 x - 5 potions of might
 y - 4 potions of attraction
 z - 5 potions of mutation
 A - a potion of ambrosia
 J - 3 potions of enlightenment
 X - 8 potions of heal wounds


   Skills:
 * Level 10.1 Fighting
 + Level 6.7(7.8) Short Blades
 * Level 5.9(7.3) Long Blades
 + Level 0.8 Throwing
 * Level 7.5 Armour
 * Level 10.0 Dodging
 + Level 4.2 Stealth
 * Level 8.6 Shields
 + Level 2.2 Unarmed Combat
 * Level 13.9 Spellcasting
 * Level 13.6 Conjurations
 + Level 9.4 Translocations
 * Level 10.4 Fire Magic
 * Level 9.5 Air Magic
 * Level 6.9 Earth Magic
 * Level 12.0 Invocations
 + Level 6.7 Evocations
 * Level 3.8 Shapeshifting


You had 19 spell levels left.
You knew the following spells:

 Your Spells              Type           Power      Damage    Failure   Level
a - Fireball              Conj/Fire      53%        3d21      1%          5
b - Plasma Beam           Fire/Air       49%        2x1d64    2%          6
c - Searing Ray           Conj           100%       2d8       0%          2
d - Magic Dart            Conj           100%       1d8       0%          1
f - Stone Arrow           Conj/Erth      100%       3d13      1%          3
x - Arcjolt               Conj/Air       52%        1d62      1%          5
z - Iskenderun's Mystic   Conj/Tloc      100%       2d19      1%          4

Your spell library contained the following spells:

 Spells                   Type           Power      Damage    Failure   Level
 Freeze                   Ice            100%       1d10      1%          1
 Sandblast                Erth           100%       2d20      1%          1
 Shock                    Conj/Air       100%       1d9       1%          1
 Sting                    Tmut/Pois      100%       1d8       1%          1
 Call Imp                 Summ           76%        N/A       1%          2
 Cigotuvi's Dreadful Rot  Necr/Pois/Air  100%       N/A       1%          2
 Ensorcelled Hibernation  Hex/Ice        76%        N/A       1%          2
 Passwall                 Tmut/Erth      55%        N/A       1%          2
 Poisonous Vapours        Pois/Air       100%       N/A       1%          2
 Scorch                   Fire           100%       2d9       1%          2
 Wereblood                Tmut           38%        N/A       1%          2
 Dazzling Flash           Conj/Hex       100%       N/A       1%          3
 Hailstorm                Conj/Ice       85%        3d17      1%          3
 Ignite Poison            Fire/Tmut/Pois 67%        N/A       1%          3
 Inner Flame              Hex/Fire       77%        N/A       1%          3
 Mephitic Cloud           Conj/Pois/Air  89%        N/A       1%          3
 Portal Projectile        Hex/Tloc       100%       N/A       1%          3
 Swiftness                Air            97%        N/A       1%          3
 Vhi's Electric Charge    Tloc/Air       100%       N/A       1%          3
 Volatile Blastmotes      Fire/Tloc      100%       2d18      1%          3
 Airstrike                Air            48%        2d(7-23)  1%          4
 Flame Wave               Conj/Fire      100%       2d21      1%          4
 Fulminant Prism          Conj/Hex       42%        3d19      1%          4
 Sticky Flame             Conj/Fire      100%       2d11      1%          4
 Freezing Cloud           Conj/Ice/Air   44%        6-21      1%          5
 Irradiate                Conj/Tmut      42%        3d25      1%          5
 Conjure Ball Lightning   Conj/Air       52%        3x3d18    1%          6
 Starburst                Conj/Fire      53%        6d14      1%          6
 Animate Armour           Summ/Erth      100%       N/A       2%          4
 Frozen Ramparts          Ice            76%        1d12      3%          3
 Tukima's Dance           Hex            38%        N/A       3%          3
 Silence                  Hex/Air        37%        N/A       4%          5
 Borgnjor's Vile Clutch   Necr/Erth      33%        N/A       7%          5
 Anguish                  Hex/Necr       19%        N/A       11%         4
 Animate Dead             Necr           38%        N/A       11%         4
 Cause Fear               Hex            19%        N/A       11%         4
 Olgreb's Toxic Radiance  Pois           38%        N/A       11%         4
 Summon Ice Beast         Ice/Summ       38%        N/A       11%         4
 Alistair's Intoxication  Tmut/Pois      25%        N/A       26%         5
 Summon Mana Viper        Hex/Summ       38%        N/A       26%         5
 Ignition                 Fire           50%        3d14      58%         8
 Lehudib's Crystal Spear  Conj/Erth      50%        10d12     63%         8
 Maxwell's Capacitive Co  Air            48%        ∞         71%         8
 Disjunction              Tloc           48%        N/A       73%         8
 Death Channel            Necr           19%        N/A       78%         6
 Eringya's Noxious Bog    Tmut/Pois      19%        4d6       78%         6
 Summon Cactus Giant      Summ           19%        N/A       78%         6
 Haunt                    Necr/Summ      19%        N/A       99%         7
 Monstrous Menagerie      Summ           19%        N/A       99%         7
 Discord                  Hex            19%        N/A       100%        8
 Infestation              Necr           19%        N/A       100%        8
 Dragon's Call            Summ           19%        N/A       100%        9


Dungeon Overview and Level Annotations

Branches:
Dungeon (15/15)            Temple (1/1) D:5            Lair (5/5) D:10
 Shoals (4/4) Lair:3       Spider (3/4) Lair:2        Slime (0/5) Lair:5
    Orc (2/2) D:11            Elf (3/3) Orc:2        Vaults (2/5) D:13
 Depths (0/4) D:15          Sewer (visited)          Bailey (visited)
  Crypt: Vaults:2-3

Altars:
Ashenzari
Cheibriados
Dithmenos
Fedhas
Gozag
Hepliaklqana
Kikubaaqudgha
Makhleb
Nemelex Xobeh
Okawaru
Qazlal
Ru
Sif Muna
Trog
Uskayaw
Vehumet
Wu Jian
Xom
Yredelemnul
Jiyva

Shops:
D:2 [   D:6 [*   D:8 [   D:15 ?   Orc:2 !=([   Vaults:1 :

Annotations:
D:6 3 runed translucent doors, Gilette's ghost, novice TrSh
D:14 2 transporters, Cujoq's ghost, journeyman MiFi
Lair:4 1 runed translucent door, exclusion: oklob plant, Dutolum's ghost, journeyman AtFi
Lair:5 2 runed translucent doors
Elf:2 5 runed translucent doors


Innate Abilities, Weirdness & Mutations

You are mostly covered in sharp spines.
Your magical and physical power is enhanced at high health.
When hurt, damage is shared between your health and your magic reserves.
You regenerate magic rapidly.
You have an absolutely massive brain. (Int +6, Wiz)
You have a sharp stinger which inflicts weakening toxins.


Message History

You hear a shout! x3
The crystal guardian misses you.
You slash the crystal guardian!
The crystal guardian is moderately damaged.
The crystal guardian fires a crystalline bolt at you.
The crystal bolt burns the crystal guardian.
The crystal guardian completely resists.
The crystal bolt burns you. You resist.
The crystal bolt burns you but does no damage.
The crystal bolt burns the crystal guardian.
The crystal guardian completely resists.
The crystal bolt burns the crystal guardian.
The crystal guardian completely resists.
The crystal guardian fires a crystalline bolt at you.
The crystal bolt burns you! You resist. The crystal bolt burns you! You resist.
The crystal bolt burns the crystal guardian.
The crystal guardian completely resists.
The crystal bolt burns the crystal guardian.
The crystal guardian completely resists.
Unknown command.
Okay, then.
You hit the crystal guardian.
The crystal guardian is moderately damaged.
The crystal guardian is struck by your spines.
The crystal guardian hits you but does no damage.
Unknown command.
You hit the crystal guardian.
The crystal guardian is severely damaged.
The crystal guardian fires a crystalline bolt at you.
The crystal bolt freezes the crystal guardian.
The crystal guardian completely resists.
The crystal bolt freezes you!! The crystal bolt freezes you!!!
* * * LOW HITPOINT WARNING * * *
The crystal bolt freezes the crystal guardian.
The crystal guardian completely resists.
The crystal bolt freezes the crystal guardian.
The crystal guardian completely resists.
The crystal guardian is struck by your spines.
The crystal guardian hits you!!!
You die...

...........#####.#####...
####.......#...'.#...# .
'..#.......#...#.#...#
#..#....####...###...####
#..#....#...)...........#
#..#....#..........>....#
'..#....#...............#
#..#....####...###...####
#..#..... #.>.#@+...#
#..# #...#9#^..# '..#
#####9#'### #### .p...
....... ......)..
.....)..... #######)#####


You could see a vault guard and 2 crystal guardians.

Vanquished Creatures
  Mara (Elf:3)
  2 deep elf master archers (Elf:3)
  2 deep elf blademasters (Elf:3)
  Polyphemus (Shoals:2)
  Aizul (Elf:3)
  A tengu reaver (Vaults:1)
  Roxanne (Spider:3)
  8 deep elf sorcerers
  An emperor scorpion (Spider:3)
  4 vault wardens
  A frost giant (Shoals:4)
  5 deep elf elementalists (Elf:3)
  A ghost moth (Spider:3)
  2 broodmothers
  A cacodemon (Abyss:3)
  An ironbound preserver (Vaults:2)
  A formless jellyfish (Shoals:4)
  A war gargoyle (Vaults:1)
  2 very ugly things (Abyss:3)
  Azrael (D:13)
  Nessos (Lair:5)
  8 dire elephants
  11 deep elf demonologists
  4 deep elf annihilators (Elf:3)
  An ettin (D:15)
  5 deep elf death magi
  3 merfolk javelineers (Shoals:4)
  3 yaktaur captains
  5 entropy weavers
  Fannar (D:12)
  2 merfolk impalers (Shoals:4)
  3 deep elf high priests (Elf:3)
  10 hydras
  Harold (D:11)
  6 vault guards (Vaults:2)
  A merfolk avatar (Shoals:2)
  2 peacekeepers
  2 great orbs of eyes
  An anaconda (shapeshifter) (Elf:1)
  2 catoblepae
  3 ironbound frosthearts
  3 jorogumos
  2 merfolk aquamancers (Shoals:4)
  2 radroaches (Spider:2)
  6 boulder beetles
  A two-headed ogre (D:11)
  A death knight (D:13)
  A naga warrior (Abyss:3)
  6 centaur warriors
  14 dancing weapons
  A thrashing horror (Abyss:3)
  2 tengu warriors (D:15)
  11 death yaks
  12 demonic crawlers
  5 orc high priests (Orc:2)
  2 skysharks
  9 deep elf knights
  A fire crab (Lair:5)
  2 sixfirhies
  A sun demon (D:15)
  Lodul (D:13)
  6 large abominations
  8 sea snakes
  A pharaoh ant (Lair:2)
  11 orb spiders
  3 deep trolls
  A glowing orange brain (shapeshifter) (D:13)
  4 lindwurms
  2 steelbarb worms (Spider:1)
  Pikel (D:6)
  6 harpies (Shoals:4)
  26 deep elf pyromancers
  4 ironbound convokers
  16 deep elf archers
  13 orc knights
  A necromancer (D:15)
  3 wizards
  26 deep elf zephyrmancers
  A salamander (Abyss:3)
  2 worldbinders
  10 wolf spiders
  A faun (Shoals:1)
  A salamander (shapeshifter) (D:13)
  15 ugly things
  11 manticores
  10 black mambas
  4 merfolk sirens
  Maurice (D:13)
  11 cyclopes
  A guardian serpent (Abyss:3)
  4 rust devils (D:15)
  4 elephants (Lair:3)
  A black mamba (shapeshifter) (D:15)
  Joseph (D:9)
  5 vault sentinels
  A naga mage (Abyss:3)
  A water nymph (Shoals:4)
  4 torpor snails
  2 orange demons (D:15)
  3 molten gargoyles (Lair:5)
  2 gargoyles (D:12)
  A komodo dragon (shapeshifter) (D:14)
  4 unseen horrors
  2 efreet
  5 smoke demons
  4 kobold demonologists
  18 komodo dragons
  13 cane toads
  2 rime drakes
  24 yaktaurs
  An ice devil (D:15)
  A bunyip simulacrum (Abyss:1)
  A tengu conjurer (D:15)
  A freezing wraith (D:15)
  A red devil (D:10)
  An ancient zyme (Abyss:1)
  3 wind drakes
  2 hornets
  6 hellwings
  A polar bear (Lair:3)
  15 trolls
  14 merfolk
  A queen bee (shapeshifter) (D:15)
  16 tarantellas
  9 dream sheep
  3 blink frogs (Lair:3)
  Grinder (D:5)
  10 raiju
  7 snapping turtles
  8 slime creatures
  13 culicivoras
  11 water elementals
  7 air elementals
  21 jumping spiders
  A centaur simulacrum (D:14)
  2 vampires
  10 wyverns
  2 wraiths
  5 fire elementals
  46 yaks
  10 basilisks
  16 humans (D:13)
  8 vampire mosquitoes
  Menkaure (D:5)
  3 steam dragons
  38 redbacks
  Edmund (D:6)
  5 wargs
  2 acid dragons
  12 water moccasins
  A naga (Abyss:3)
  Duvessa (D:5)
  7 hell hounds
  2 small abominations
  2 ice beasts
  A hornet zombie (D:8)
  3 sky beasts
  A swamp drake (Lair:5)
  50 orc warriors
  A black bear (Lair:1)
  4 wolves (Lair:4)
  3 boggarts (Vaults:2)
  15 centaurs
  9 ogres
  2 phantoms
  A lemure (D:6)
  8 kobold brigands
  7 bullfrogs
  2 gnoll sergeants
  6 earth elementals
  4 scorpions
  Dowan (D:5)
  4 killer bees (D:9)
  7 electric eels
  2 howler monkeys
  5 lava snakes (Lair:5)
  3 crimson imps
  A centaur zombie (D:8)
  3 jellies
  A gnoll bouda (Orc:2)
  3 hounds
  29 orc priests
  8 starcursed masses
  An iron imp (Abyss:2)
  Ijyb (D:3)
  2 iguanas
  A sleepcap (D:7)
  Natasha (twice) (D:3)
  14 orc wizards
  Robin (D:4)
  23 gnolls
  8 adders
  4 river rats (Sewer)
  3 shadow imps (D:8)
  A white imp (Abyss:2)
  2 worms (D:2)
  2 dart slugs
  126 orcs
  3 bats
  5 endoplasms
  4 giant cockroaches
  25 goblins
  14 hobgoblins
  19 jackals
  A jackal (shapeshifter) (D:15)
  5 quokkas
  15 ball pythons
  5 frilled lizards
  46 kobolds
  10 kobold skeletons (D:8)
  8 kobold zombies (D:8)
  11 rats
  A spectral orc (D:5)
  A butterfly (Lair:5)
1374 creatures vanquished.

Vanquished Creatures (collateral kills)
  A merfolk javelineer (Shoals:4)
  3 merfolk impalers (Shoals:4)
  A manticore (Shoals:4)
5 creatures vanquished.

Vanquished Creatures (others)
  A tentacled starspawn (Abyss:2)
  An orc priest (D:11)
  A lurking horror (Abyss:2)
  A starspawn tentacle (Abyss:1)
4 creatures vanquished.

Grand Total: 1383 creatures vanquished

Notes
Turn   | Place    | Note
-------+----------+-------------------------------------------
     0 | D:1      | Morbidden the Demonspawn Conjurer began the quest for the
                  | Orb.
     0 | D:1      | Reached XP level 1. HP: 13/13 MP: 3/3
   193 | D:1      | Gained mutation: You are partially covered in sharp spines.
                  | [demonic ancestry]
   193 | D:1      | Reached XP level 2. HP: 19/19 MP: 0/5
   367 | D:1      | Learned a level 2 spell: Searing Ray
   385 | D:1      | Gained mutation: You are mostly covered in sharp spines.
                  | [demonic ancestry]
   385 | D:1      | Reached XP level 3. HP: 14/24 MP: 1/6
  1007 | D:2      | Reached skill level 5 in Conjurations
  1424 | D:2      | Found Foskeig's Armour Boutique.
  1428 | D:2      | Reached XP level 4. HP: 31/31 MP: 3/7
  1924 | D:2      | Learned a level 4 spell: Iskenderun's Mystic Blast
  2091 | D:3      | Noticed Ijyb
  2093 | D:3      | Paralysed by Ijyb for 4 turns
  2104 | D:3      | Killed Ijyb
  2297 | D:3      | Reached skill level 1 in Unarmed Combat
  2316 | D:3      | Noticed Natasha
  2329 | D:3      | Killed Natasha
  2330 | D:3      | Gained mutation: You regenerate magic rapidly. [demonic
                  | ancestry]
  2330 | D:3      | Reached XP level 5. HP: 21/36 MP: 4/8
  2718 | D:3      | Reached skill level 1 in Fighting
  3136 | D:3      | Noticed Natasha
  3141 | D:3      | Killed Natasha
  3374 | D:4      | Reached XP level 6. HP: 29/43 MP: 2/10
  3675 | D:4      | Noticed Robin
  3693 | D:4      | Reached skill level 1 in Translocations
  3713 | D:4      | Killed Robin
  4322 | D:5      | Entered Level 5 of the Dungeon
  4322 | D:5      | Noticed Duvessa
  4322 | D:5      | Noticed Dowan
  4355 | D:5      | Found a glowing drain.
  4356 | D:5      | Noticed a kobold demonologist
  4451 | D:5      | Killed a kobold demonologist
  4452 | D:5      | Reached skill level 1 in Evocations
  4452 | D:5      | Gained mutation: You have a small tail. [demonic ancestry]
  4452 | D:5      | Reached XP level 7. HP: 49/49 MP: 3/12
  4463 | Sewer    | Entered a sewer
  5430 | D:5      | Found a hazy altar of Hepliaklqana.
  5513 | D:5      | Reached skill level 1 in Short Blades
  5518 | D:5      | Gained mutation: You have a tail ending in a sharp stinger.
                  | [demonic ancestry]
  5518 | D:5      | Reached XP level 8. HP: 56/56 MP: 4/14
  5554 | D:5      | Noticed Grinder
  5556 | D:5      | Noticed Menkaure
  5571 | D:5      | Killed Grinder
  5585 | D:5      | Killed Menkaure
  5712 | D:5      | Found a staircase to the Ecumenical Temple.
  5737 | Temple   | Entered the Ecumenical Temple
  5878 | Temple   | Became a worshipper of Cheibriados the Contemplative
  5976 | D:5      | Killed Duvessa
  5977 | D:5      | Reached skill level 5 in Spellcasting
  5986 | D:5      | Killed Dowan
  6311 | D:6      | Found Emput's Gadget Gallery.
  6353 | D:6      | Found Jetedat's Armour Shop.
  6389 | D:6      | Reached skill level 1 in Invocations
  6389 | D:6      | Gained mutation: You have a sharp stinger which inflicts
                  | weakening toxins. [demonic ancestry]
  6389 | D:6      | Reached XP level 9. HP: 63/63 MP: 11/17
  6417 | D:6      | Noticed Edmund
  6429 | D:6      | Killed Edmund
  6638 | D:6      | Reached * piety under Cheibriados
  6750 | D:6      | Identified the +0 ring mail of Paranoia {Harm rPois rN+
                  | Int-3}
  6813 | D:6      | Noticed Pikel
  6830 | D:6      | Killed Pikel
  6890 | D:6      | Learned a level 3 spell: Stone Arrow
  6942 | D:6      | Found a runed translucent gate.
  6943 | D:6      | Found a runed translucent gate.
  6944 | D:6      | Found a runed translucent gate.
  6944 | D:6      | Noticed Gilette's ghost (novice TrSh)
  6945 | D:6      | Identified the +10 plate armour of Fipich {MP-9 Dex+5}
  7739 | D:7      | Found a bloodstained altar of Trog.
  8152 | D:8      | Reached ** piety under Cheibriados
  8166 | D:8      | Learned a level 5 spell: Fireball
  8172 | D:8      | Learned a level 5 spell: Arcjolt
  8257 | D:8      | Found Ubyolij's Armour Shoppe.
  8312 | D:8      | Reached XP level 10. HP: 69/71 MP: 15/19
  8716 | D:8      | Reached skill level 1 in Earth Magic
  8796 | D:8      | Found a basalt altar of Yredelemnul.
  9000 | D:8      | Reached *** piety under Cheibriados
  9003 | D:8      | Found an ancient bone altar of Kikubaaqudgha.
  9203 | D:8      | Reached **** piety under Cheibriados
  9400 | D:8      | Reached skill level 1 in Fire Magic
  9716 | D:9      | Found a flagged portal.
  9729 | Bailey   | Entered a bailey
  9795 | Bailey   | Reached skill level 1 in Air Magic
  9978 | Bailey   | Noticed an orc knight
  9986 | Bailey   | Killed an orc knight
 10243 | Bailey   | Identified the +0 plate armour "Cenoum" {Rampage rN+++
                  | Int-2 Dex+2 SInv}
 10502 | D:2      | Bought the +3 warlock's mirror {omnireflect} for 560 gold
                  | pieces
 10502 | D:2      | Found the +3 warlock's mirror {omnireflect}
 10948 | D:9      | Reached ***** piety under Cheibriados
 11102 | D:9      | Noticed Joseph
 11119 | D:9      | Killed Joseph
 11120 | D:9      | Reached skill level 1 in Armour
 11374 | D:9      | Reached XP level 11. HP: 56/78 MP: 13/21
 11593 | D:10     | Entered Level 10 of the Dungeon
 11646 | D:10     | Reached skill level 1 in Shields
 11916 | D:10     | Found a staircase to the Lair.
 11994 | D:10     | Reached ****** piety under Cheibriados
 11995 | D:10     | Reached skill level 5 in Invocations
 12165 | D:10     | Found an iron altar of Okawaru.
 12301 | D:10     | Reached skill level 5 in Translocations
 12308 | D:10     | Reached skill level 5 in Dodging
 13224 | Lair:1   | Entered Level 1 of the Lair of Beasts
 13244 | Lair:1   | Reached skill level 5 in Fighting
 13828 | Lair:1   | Gained mutation: You have an unusually large brain. (Int
                  | +2) [demonic ancestry]
 13828 | Lair:1   | Reached XP level 12. HP: 86/86 MP: 1/24
 14437 | Lair:2   | HP: 2/83 [pharaoh ant (33)]
 14972 | Lair:2   | Noticed a seven-headed hydra
 14984 | Lair:2   | Killed a seven-headed hydra
 15134 | Lair:2   | Reached skill level 10 in Conjurations
 15306 | Lair:2   | Found a hole to the Spider Nest.
 15673 | Lair:2   | Noticed a five-headed hydra
 15678 | Lair:2   | Killed a five-headed hydra
 16112 | Lair:3   | Noticed a seven-headed hydra
 16120 | Lair:3   | Killed a seven-headed hydra
 16242 | Lair:3   | Found a basalt altar of Yredelemnul.
 16343 | Lair:3   | Reached skill level 5 in Short Blades
 16831 | Lair:3   | Found a staircase to the Shoals.
 17199 | Lair:4   | Reached XP level 13. HP: 93/93 MP: 17/26
 17693 | Lair:4   | Found a runed translucent door.
 17786 | Lair:4   | Found a shimmering altar of Xom.
 17786 | Lair:4   | Noticed Dutolum's ghost (journeyman AtFi)
 18851 | Lair:5   | Entered Level 5 of the Lair of Beasts
 18934 | Lair:5   | Found a staircase to the Slime Pits.
 18936 | Lair:5   | Found a viscous altar of Jiyva.
 19266 | Lair:5   | Reached skill level 5 in Fire Magic
 19442 | Lair:5   | Noticed Nessos
 19443 | Lair:5   | Killed Nessos
 20244 | D:11     | Noticed Harold
 20250 | D:11     | Killed Harold
 20611 | D:11     | Reached skill level 5 in Air Magic
 20686 | D:11     | Reached skill level 5 in Shields
 20686 | D:11     | Gained mutation: You have an extremely huge brain. (Int +4)
                  | [demonic ancestry]
 20686 | D:11     | Reached XP level 14. HP: 101/101 MP: 21/27
 21083 | D:11     | Found a staircase to the Orcish Mines.
 21189 | D:11     | Reached skill level 5 in Evocations
 21786 | D:12     | Noticed Fannar
 21797 | D:12     | Killed Fannar
 21798 | D:12     | Reached skill level 10 in Spellcasting
 22157 | D:12     | Identified the +0 robe of the Bagpipe {rElec Str+2 Dex-3}
 22631 | D:13     | Noticed Azrael
 22633 | D:13     | Noticed Maurice
 22639 | D:13     | Killed Azrael
 22640 | D:13     | Killed Maurice
 23511 | D:13     | Noticed Lodul
 23533 | D:13     | Killed Lodul
 23662 | D:13     | Found a gate to the Vaults.
 24335 | D:13     | Identified a scroll of acquirement
 24335 | D:13     | Acquired 512 gold pieces
 24560 | D:2      | Bought the +2 plate armour of Hul Nuoj {rN+ MP+9 Slay+2}
                  | for 1001 gold pieces
 25044 | D:14     | Identified the ring of Pileepuu {Fly rPois Int+8}
 25261 | D:14     | Found a transporter.
 25263 | D:14     | Noticed Cujoq's ghost (journeyman MiFi)
 25264 | D:14     | Found a transporter.
 25264 | D:14     | Identified the +9 spear of Blind Justice {antimagic, rElec
                  | rPois Int+5}
 25527 | D:14     | Noticed a broodmother
 25527 | D:14     | a broodmother changed into something unseen
 25536 | D:14     | an ettin changed into a broodmother
 25536 | D:14     | Noticed a broodmother (glowing shapeshifter)
 25542 | D:14     | a broodmother changed into a spark wasp
 25737 | D:14     | Gained mutation: When hurt, damage is shared between your
                  | health and your magic reserves. [demonic ancestry]
 25737 | D:14     | Reached XP level 15. HP: 95/108 MP: 29/29
 26109 | D:15     | Entered Level 15 of the Dungeon
 26417 | D:15     | Found a staircase to the Depths.
 26893 | D:15     | Found Tuffynef's Magic Scroll Emporium.
 26899 | D:15     | Bought a scroll of teleportation for 45 gold pieces
 26899 | D:15     | Bought a scroll of summoning for 142 gold pieces
 26929 | D:15     | Reached skill level 1 in Long Blades
 26970 | D:15     | Reached skill level 5 in Earth Magic
 28133 | Lair:5   | Reached skill level 5 in Armour
 28541 | Lair:5   | Found a large runed translucent door.
 28541 | Lair:5   | Found a large runed translucent door.
 29172 | Orc:1    | Entered Level 1 of the Orcish Mines
 30036 | Orc:2    | Entered Level 2 of the Orcish Mines
 30071 | Orc:2    | Found a staircase to the Elven Halls.
 31536 | Orc:2    | Gained mutation: Your magical and physical power is
                  | slightly enhanced at high health. [demonic ancestry]
 31536 | Orc:2    | Reached XP level 16. HP: 117/117 MP: 21/31
 31611 | Abyss:1  | Cast into level 1 of the Abyss (orc priest)
 32296 | Abyss:1  | Noticed a Hell Sentinel
 32899 | Abyss:1  | Noticed a tentacled starspawn
 32976 | Abyss:2  | Killed a tentacled starspawn
 33255 | Orc:2    | Escaped the Abyss
 33526 | Orc:2    | Found Gunawn's Distillery.
 33529 | Orc:2    | Found Wouc's Antique Weapon Shop.
 33530 | Orc:2    | Found Ziarosk's Armour Boutique.
 33531 | Orc:2    | Found Ysimmen's Jewellery Boutique.
 33537 | Orc:2    | Bought an amulet of magic regeneration for 480 gold pieces
 33538 | Orc:2    | Bought 2 potions of heal wounds for 130 gold pieces
 33538 | Orc:2    | Bought a potion of heal wounds for 65 gold pieces
 33538 | Orc:2    | Bought a potion of heal wounds for 65 gold pieces
 33543 | Orc:2    | Bought a glimmering scimitar for 288 gold pieces
 33543 | Orc:2    | Identified the +3 scimitar of Satyriasis {freeze, MP+9
                  | Str+3 Stlth+} (You bought it in a shop on level 2 of the
                  | Orcish Mines)
 33834 | Shoals:1 | Entered Level 1 of the Shoals
 34584 | Shoals:2 | Noticed Polyphemus
 34595 | Shoals:2 | Killed Polyphemus
 35367 | Shoals:3 | Identified the ring "Bucvok" {Wiz rF++ Str+4}
 35382 | Shoals:3 | Learned a level 6 spell: Plasma Beam
 36239 | Shoals:4 | Entered Level 4 of the Shoals
 36630 | Shoals:4 | Reached skill level 10 in Invocations
 36637 | Shoals:4 | Reached skill level 1 in Shapeshifting
 36639 | Shoals:4 | Identified the +1 bardiche of Isyjis {freeze, rElec rF-
                  | rCorr}
 36715 | Shoals:4 | Got a barnacled rune of Zot
 37582 | Spider:1 | Entered Level 1 of the Spider Nest
 37757 | Spider:1 | Gained mutation: You have an absolutely massive brain. (Int
                  | +6, Wiz) [demonic ancestry]
 37757 | Spider:1 | Reached XP level 17. HP: 124/124 MP: 33/33
 40322 | Spider:3 | Identified the +2 hand axe "Voedel" {flame, Str+3}
 40559 | Spider:3 | Noticed Roxanne
 40626 | Spider:3 | Killed Roxanne
 41526 | Elf:1    | Entered Level 1 of the Elven Halls
 41530 | Elf:1    | Paralysed by an air elemental for 1 turns
 41535 | Elf:1    | Paralysed by an air elemental for 1 turns
 41961 | Elf:1    | Paralysed by an air elemental for 1 turns
 42575 | Elf:1    | Reached XP level 18. HP: 65/132 MP: 1/34
 43664 | Abyss:3  | Cast into level 3 of the Abyss (a deep elf sorcerer)
 43716 | Abyss:3  | Noticed a bone dragon
 43923 | Elf:2    | Escaped the Abyss
 44129 | Elf:2    | Found a huge runed translucent gate.
 44129 | Elf:2    | Found a huge runed translucent gate.
 44129 | Elf:2    | Found a huge runed translucent gate.
 44129 | Elf:2    | Found a huge runed translucent gate.
 44135 | Elf:2    | Found a huge runed translucent gate.
 44366 | Elf:2    | Reached skill level 5 in Long Blades
 44679 | Elf:3    | Entered Level 3 of the Elven Halls
 44683 | Elf:3    | Noticed Aizul
 44806 | Elf:3    | Paralysed by an air elemental for 1 turns
 44822 | Elf:3    | Killed Aizul
 44824 | Elf:3    | Paralysed by an air elemental for 1 turns
 44854 | Elf:3    | Noticed Mara
 44859 | Elf:3    | Noticed Morbidden's illusion
 44868 | Elf:3    | Killed Mara
 45383 | Elf:3    | Identified the ring "Besk" {rElec rPois rCorr Int-3 SInv}
 45646 | Elf:3    | Gained mutation: Your magical and physical power is
                  | enhanced at high health. [demonic ancestry]
 45646 | Elf:3    | Reached XP level 19. HP: 130/140 MP: 36/36
 45660 | Elf:3    | Identified the +5 rapier "Nuhesch" {drain, Will++ Str-2
                  | Stlth+}
 45662 | Elf:3    | Identified the +0 steam dragon scales of the Eternal Fruit
                  | {Rampage Str+3 Dex+3}
 45673 | Elf:3    | Reached skill level 10 in Fire Magic
 45995 | Elf:3    | Got the Compilation of Doom
 46016 | Elf:3    | Identified the +1 swamp dragon scales "Ricver" {rPois Str-3
                  | Int+5}
 46030 | Elf:3    | Identified the +5 longbow of Soasmyh {heavy, Fragile rF+
                  | rN+++ Dex+3}
 46424 | Vaults:1 | Entered Level 1 of the Vaults
 47450 | Vaults:1 | Reached skill level 10 in Fighting
 47615 | Vaults:1 | Found Etogeef's Book Shoppe.
 48273 | Vaults:2 | Reached skill level 10 in Dodging
 48411 | Vaults:2 | Annihilated by a crystal guardian

Illustrated notes

Levels and vault maps discovered:
D:1:      sevenhm_arrival_forest_fort_small_6, layout_basic, minmay_3d_cube
D:2:      layout_basic, serial_shops,
          nicolae_shop_temple_entry_statues_fountains, kennysheep_crisscross
D:3:      layout_basic, chequers_jeans, uniq_natasha, uniq_ijyb
D:4:      wad_crossroads, layout_basic, serial_bayou_pond_e, uniq_robin
D:5:      layout_gridville, nicolae_hepliaklqana_monster_ancestors,
          minmay_temple_entry_wispy, cheibrodos_sewer_entry_drain, uniq_grinder,
          uniq_duvessa, uniq_menkaure
D:6:      layout_rooms, biasface_ghost_orc_armoury, serial_shops,
          nicolae_shop_behind_doors, nicolae_shop_gadgets, uniq_pikel,
          uniq_edmund
D:7:      layout_loops_ring, trog_book, st_stairs_2
D:8:      wander_kiku_kobolds, layout_basic,
          mainiacjoe_overflow_six_doors_small, lemuel_zombie_altar_yredelemnul,
          serial_shops, shop
D:9:      layout_basic, enter_bailey_4, uniq_joseph
D:10:     layout_roguey [special_room_orc],
          hellmonk_okawaru_the_only_friend_you_need, erik_lair_orcish_takeover,
          fountainhead, nicolae_where_there's_smoke
D:11:     layout_basic, david_orc_5, uniq_harold
D:12:     layout_stronghold, minmay_hedge_maze, uniq_fannar
D:13:     minmay_razor_zed, layout_loops_ring, david_vaults_3, uniq_azrael,
          uniq_maurice
D:14:     lemuel_troll_bridge, layout_loops_cross, gammafunk_ghost_arena,
          dk_noncrumbling_4
D:15:     hangedman_depths_entry_civil_slaughter, layout_loops_ring,
          serial_shops, shop, serial_demonic, serial_demonic_d,
          serial_demonic_e, serial_demonic_d, serial_demonic_c,
          hangedman_decor_peaks_small, lightli_wizard_tower
Temple:   minmay_crystal_spiral_temple
Lair:1:   layout_chaotic_city
Lair:2:   layout_cellular_growth, nicolae_spider_entry_lesser_pyramids,
          serial_bayou_lake_a
Lair:3:   layout_regular_city, minmay_shoals_entry_hut, serial_rivers,
          chequers_serial_rivers_micro_e, chequers_serial_rivers_room_b,
          chequers_serial_rivers_micro_a, chequers_serial_rivers_micro_a,
          chequers_serial_rivers_micro_c, chequers_serial_rivers_micro_a,
          lemuel_centaur_altar
Lair:4:   layout_regular_city, ebering_ghost_xom, st_stairs_11,
          grunt_megastairs_4, infiniplex_staircase_pool
Lair:5:   cheibrodos_lair_end_hotspot, layout_regular_city, slime_entry_1, pond,
          lemuel_fruit_fields, serial_bayou_shore_a, uniq_nessos
Shoals:1: layout_shoals
Shoals:2: layout_shoals, uniq_polyphemus
Shoals:3: layout_shoals, yaktaur_hedge
Shoals:4: shoals_end_grunt_ice, layout_shoals
Spider:1: layout_spider_delve
Spider:2: layout_chambers
Spider:3: layout_chambers, nicolae_crawler_farm, uniq_roxanne
Orc:1:    cheibrodos_orc_bank, layout_caves
Orc:2:    st_orc_pillars, layout_caves
Elf:1:    nicolae_elf_arrival_aired_out, layout_loops_corners,
          evilmike_minifort, hangedman_elven_crosses_minicolossus,
          grunt_megastairs_1
Elf:2:    elven_hall_of_blades_hangedman_alternative [grunt_blade_entry_basic],
          layout_gridlike
Elf:3:    elf_hall, layout_loops_cross, uniq_aizul, uniq_mara
Vaults:1: hangedman_vaults_cutoff, nicolae_vaults_little_squares_4,
          ontoclasm_vaults_loading_screen, grunt_vaults_swirl,
          vaults_dpeg_encased_lava, v_misc_17, grunt_vaults_diagonal,
          vaults_room_pools, ontoclasm_vaults_loading_screen,
          layout_vaults_omnigrid, serial_shops, nicolae_shop_just_a_little_nook
Vaults:2: minmay_crypt_entry_vampire_xt, hangedman_vaults_nodes, v_misc_10,
          v_alt_pattern_3, nicolae_vaults_double_plus_3,
          nicolae_vaults_weapon_check, v_misc_12, vaults_mumra_minichess,
          vaults_room_door_hall, v_misc_14, layout_vaults_big_room

Skill      XL: |  1  2  3  4  5  6  7  8  9 10 11 12 13 14 15 16 17 18 19 |
---------------+----------------------------------------------------------+-----
Conjurations   | 5 6 7 8 9 10 11 12 13 | 13.6
Dodging        | 2 3 4 5 6 7 8 9 10 | 10.0
Unarmed Combat | 1 2 |  2.2
Stealth        | 2 3 4 |  4.2
Fighting       | 1 2 3 4 5 6 7 8 9 10 | 10.1
Spellcasting   | 3 4 5 6 7 8 9 10 11 12 13 | 13.9
Translocations | 1 2 3 4 5 6 7 8 9 |  9.4
Evocations     | 1 2 3 4 5 6 |  6.7
Short Blades   | 1 2 3 4 5 6 |  6.7
Invocations    | 1 3 4 5 6 7 8 9 10 11 12 | 12.0
Earth Magic    | 1 2 3 4 5 6 |  6.9
Fire Magic     | 2 3 4 5 6 7 9 10 | 10.4
Air Magic      | 2 3 5 6 7 8 9 |  9.5
Armour         | 1 2 3 4 5 6 7 |  7.5
Shields        | 3 4 5 6 7 8 |  8.6
Long Blades    | 2 3 4 5 |  5.9
Shapeshifting  | 1 2 3 |  3.8
Throwing       | |  0.8

Action                     |  1- 3 |  4- 6 |  7- 9 | 10-12 | 13-15 | 16-18 | 19-21 || total
---------------------------+-------+-------+-------+-------+-------+-------+-------++-------
  Melee: Unarmed           |    26 |    27 |    12 |       |       |       |       ||    65
         Short sword       |       |       |    94 |    24 |       |       |       ||   118
         Tailslap          |       |       |    18 |    59 |   131 |    24 |     4 ||   236
         Punch             |       |       |     1 |     3 |       |       |       ||     4
         Dagger            |       |       |       |   267 |   488 |     3 |       ||   758
         Scimitar          |       |       |       |       |    40 |   116 |    24 ||   180
  Throw: Dart              |       |       |       |       |    30 |     4 |       ||    34
   Cast: Magic Dart        |    60 |   104 |   132 |   147 |   119 |    30 |       ||   592
         Searing Ray       |     2 |     5 |    23 |    11 |    33 |     3 |       ||    77
         Stone Arrow       |       |       |    30 |   187 |   426 |    75 |       ||   718
         Fireball          |       |       |       |     7 |     1 |   199 |    18 ||   225
         Iskenderun's Myst |       |       |       |    21 |   112 |    78 |     4 ||   215
         Arcjolt           |       |       |       |     1 |     5 |       |     2 ||     8
         Plasma Beam       |       |       |       |       |       |   253 |    91 ||   344
 Invoke: Slouch            |       |       |       |       |    13 |     3 |     1 ||    17
  Evoke: Wand              |       |     3 |     2 |    17 |     3 |     2 |     4 ||    31
    Use: Scroll            |       |       |     8 |     8 |    19 |    12 |     4 ||    51
         Potion            |       |       |       |     3 |     6 |     8 |       ||    17
   Stab: Sleeping          |       |     1 |       |       |       |       |       ||     1
         Paralysed         |       |       |     7 |       |       |       |       ||     7
         Distracted        |       |       |       |     1 |       |       |       ||     1
         Petrifying        |       |       |       |     2 |       |       |       ||     2
         Invisible         |       |       |       |       |       |     2 |       ||     2
 Armour: Robe              |     6 |    11 |       |       |       |       |       ||    17
         Animal skin       |       |     3 |    22 |    45 |       |       |       ||    70
         Leather armour    |       |       |       |    17 |       |       |       ||    17
         Steam dragon scal |       |       |       |    46 |       |       |       ||    46
         Chain mail        |       |       |       |    29 |    93 |       |       ||   122
         Gold dragon scale |       |       |       |     4 |    11 |       |       ||    15
         Skin              |       |       |       |     2 |       |       |       ||     2
         Plate armour      |       |       |       |       |   158 |   126 |    10 ||   294
  Dodge: Dodged            |    28 |    18 |    48 |   249 |   392 |   108 |    25 ||   868
  Block: Buckler           |       |       |       |   146 |   384 |   142 |    26 ||   698
         Reflection        |       |       |       |    23 |    47 |    43 |    14 ||   127

Table legend: (Time is in decaauts)
 A = Elapsed time spent in this place.
 B = Non-inter-level travel time spent in this place.
 C = Inter-level travel time spent in this place.
 D = Time resting spent in this place.
 E = Time spent auto-exploring this place.
 F = Levels seen in this place.
 G = Mean time per level.
                   A        B        C        D        E       F      G
               +--------+--------+--------+--------+--------+-----+--------+
         Total |  69350 |  64166 |   5184 |   7128 |  49001 |  40 | 1733.8 |
       Dungeon |  25678 |  23080 |   2598 |   1470 |  18375 |  15 | 1711.9 |
        Temple |    231 |    133 |     98 |      0 |    114 |   1 |  231.0 |
          Lair |  13115 |  11918 |   1197 |   1065 |   9609 |   5 | 2623.0 |
        Shoals |   6240 |   5980 |    260 |    517 |   5010 |   4 | 1560.0 |
   Spider Nest |   5761 |   5611 |    150 |    482 |   4589 |   3 | 1920.3 |
  Orcish Mines |   4242 |   3846 |    396 |   1105 |   2234 |   2 | 2121.0 |
   Elven Halls |   6899 |   6535 |    364 |    965 |   4799 |   3 | 2299.7 |
        Vaults |   3164 |   3048 |    116 |     44 |   2715 |   2 | 1582.0 |
         Abyss |   2125 |   2125 |      0 |   1293 |    491 |   3 |  708.3 |
         Sewer |   1083 |   1083 |      0 |     23 |    714 |   1 | 1083.0 |
        Bailey |    810 |    810 |      0 |    164 |    349 |   1 |  810.0 |
               +--------+--------+--------+--------+--------+-----+--------+

Top non-repeatable levels by time:
   Elf:1: 3253 daAuts
  Lair:5: 3197 daAuts
  Lair:4: 2857 daAuts
  Lair:2: 2743 daAuts
Spider:2: 2662 daAuts
Vaults:1: 2630 daAuts
  Lair:3: 2542 daAuts
    D:13: 2524 daAuts
    D:10: 2413 daAuts
   Elf:3: 2391 daAuts
     D:8: 2353 daAuts
    D:15: 2302 daAuts
Spider:3: 2288 daAuts
    D:11: 2215 daAuts
    D:12: 2202 daAuts
